 Dungeon Crawl Stone Soup version 0.29.0-11-gd7f09526c8 (webtiles) character file.

Game seed: 2791914976704506781

112 MisterFreud the Trooper (level 4, -2/30 HPs)
             Began as a Gargoyle Fighter on Sept 3, 2022.
             Killed from afar by Sigmund (9 damage)
             ... with a puff of flame
             ... on level 3 of the Dungeon.
             The game lasted 00:02:55 (2707 turns).

MisterFreud the Trooper (Gargoyle Fighter)          Turns: 2707, Time: 00:02:56

Health: -2/30      AC: 10    Str: 21    XL:     4   Next: 95%
Magic:  4/4        EV:  9    Int:  9    God:
Gold:   143        SH:  0    Dex:  9    Spells: 3/3 levels left

rFire   . . .      SeeInvis .   a - +1 flail
rCold   . . .      Faith    .   c - +0 buckler
rNeg    + . .      Spirit   .   b - +0 scale mail
rPois   ∞          Reflect  .   (no helmet)
rElec   +          Harm     .   (no cloak)
rCorr   .          Rampage  .   (no gloves)
Will    .....                   (no boots)
Stlth   ..........              (no amulet)
HPRegen 0.10/turn               (no ring)
MPRegen 0.09/turn               (no ring)

@: confused, mighty, ambrosia-drunk
A: sickness immunity, AC +3, negative energy resistance 1, electricity
resistance, torment resistance 1, petrification resistance
a: no special abilities


You were on level 3 of the Dungeon.
You visited 1 branch of the dungeon, and saw 3 of its levels.

You collected 225 gold pieces.
You spent 82 gold pieces at shops.

Inventory:

Hand Weapons
 a - a +1 flail (weapon)
Missiles
 e - 4 poisoned darts (quivered)
Armour
 b - a +0 scale mail (worn)
 c - a +0 buckler (worn)
Scrolls
 f - a scroll of blinking
 k - a scroll of amnesia
Potions
 g - a potion of flight {unknown}
 i - a potion of magic
 l - a potion of invisibility {unknown}


   Skills:
 + Level 4.4 Fighting
 + Level 4.0 Maces & Flails
 - Level 3.3 Armour
 - Level 3.3 Shields


You had 3 spell levels left.
You didn't know any spells.
Your spell library contained the following spells:

 Spells                   Type           Power      Damage    Failure   Level
 Magic Dart               Conj           0%         1d3       82%         1
 Call Imp                 Summ           0%         N/A       91%         2
 Mephitic Cloud           Conj/Pois/Air  0%         N/A       99%         3


Dungeon Overview and Level Annotations

Branches:
Dungeon (3/15)

Altars:
Qazlal

Shops:
D:2 *

Annotations:
D:3 1 transporter, Sigmund


Innate Abilities, Weirdness & Mutations

You are immune to sickness and miasma.
Your stone body is resilient. (AC +3)
You are immune to poison.
You resist negative energy. (rN+)
You are resistant to electric shocks. (rElec)
You are resistant to unholy torment.
You are immune to petrification.


Message History

The orc barely misses you.
You feel very mighty all of a sudden. The orc hits you but does no damage.
You thump the orc!
You kill the orc!
You barely miss the orc priest.
The orc priest hits you but does no damage.
You closely miss the orc priest.
The orc priest casts a cantrip, but nothing happens.
Something hits you but does no damage.
The orc priest hits you but does no damage.
You sock the orc priest!
The orc priest is heavily wounded.
Something hits you but does no damage. The orc priest closely misses you.
You hit the orc priest.
The orc priest is almost dead.
The orc priest hits you but does no damage.
Something hits you.
You thump the orc priest!
You kill the orc priest!
Something hits you. You block the orc's attack.
Your Maces & Flails skill increases to level 4!
You bludgeon the orc!!
You kill the orc!
A magic dart appears from out of thin air!
The magic dart hits you.
* * * LOW HITPOINT WARNING * * *
You hear some strange, mumbled words.
You are confused.
Items here: ))) [ †.
You bump into the rock wall.
Something hits you but does no damage.
You bump into the rock wall.
You barely miss something. Something hits you!
* * * LOW HITPOINT WARNING * * *
You are more confused.
You feel invigorated.
You hear some strange, mumbled words.
A puff of flame appears from out of thin air!
The puff of flame hits you!
You die...

#.≈≈#..#8###8#gg#≈≈.#.##.#
#.≈≈####.....####≈≈.#.##.#
#.≈≈≈≈≈≈≈≈~≈≈≈≈≈≈≈≈......#
#.≈≈≈≈≈≈≈≈~≈≈≈≈≈≈≈≈.######
#...................#
#####.#########..##.# #.#
##.##.###### #.#######
#.##......# #.....@.#
#.#######.# #######{# #.#
#.# ... #.# #.# .#$##.#
#.# .#.##.#######.# .#
##.........## .#
########.... .# ##.## #.#


There were no monsters in sight!

Vanquished Creatures
  An orc priest (D:3)
  3 adders
  2 orcs (D:3)
  7 bats
  7 endoplasms
  A giant cockroach (D:1)
  5 goblins
  2 hobgoblins
  2 jackals (D:1)
  A quokka (D:1)
  12 ball pythons
  A frilled lizard (D:1)
  3 kobolds
  5 rats
52 creatures vanquished.

Vanquished Creatures (others)
  An orc (D:3)
  A plant (D:3)
2 creatures vanquished.

Grand Total: 54 creatures vanquished

Notes
Turn   | Place    | Note
-------+----------+-------------------------------------------
     0 | D:1      | MisterFreud the Gargoyle Fighter began the quest for the
                  | Orb.
     0 | D:1      | Reached XP level 1. HP: 14/14 MP: 1/1
   486 | D:1      | Reached XP level 2. HP: 19/19 MP: 2/2
   500 | D:1      | You fall into a shaft and drop 1 floor!
   844 | D:2      | Found Uckaequg's General Store.
   852 | D:2      | Bought a scroll of blinking for 82 gold pieces
  1161 | D:1      | Reached XP level 3. HP: 23/23 MP: 3/3
  2393 | D:3      | Reached XP level 4. HP: 22/29 MP: 4/4
  2474 | D:3      | Found a stormy altar of Qazlal.
  2528 | D:3      | Found a transporter.
  2662 | D:3      | Noticed a gnoll sergeant
  2691 | D:3      | Noticed Sigmund
  2706 | D:3      | HP: 1/30 [something (7)]
  2707 | D:3      | Killed from afar by Sigmund

Illustrated notes

Levels and vault maps discovered:
D:1:      enne_arrival_octagon_isle, layout_basic, hangedman_feature_mirror,
          item_on_display_a
D:2:      layout_basic, serial_shops, nicolae_square_shop, minmay_liquid_box
D:3:      layout_loops_ring, grunt_qazlal_clouds, gammafunk_ghost_gnarly_gnolls,
          kennysheep_nondescript, uniq_sigmund

Skill      XL: |  1  2  3  4 |
---------------+-------------+-----
Maces & Flails | 3 4 |  4.0
Fighting       | 4 |  4.4
Armour         | |  3.3
Shields        | |  3.3

Action                   |  1- 3 |  4- 6 || total
-------------------------+-------+-------++-------
Melee: Flail             |   124 |    36 ||   160
  Use: Scroll            |     7 |       ||     7
       Potion            |       |     2 ||     2
Armor: Scale mail        |    73 |    19 ||    92
Dodge: Dodged            |    71 |    15 ||    86
Block: Buckler           |    22 |     7 ||    29
